 Dungeon Crawl Stone Soup version 0.24-a0-520-g8fd06ad (webtiles) character file.

Game seed: 17779804851620790140

15446 drock42 the Zephyrmancer (level 12, -23/94 HPs)
             Began as a Red Draconian Air Elementalist on July 27, 2019.
             Was a High Priest of Vehumet.
             Annihilated by a +9 scythe of the Solstice {chaos, *Rage +Fly rF+++ rC-} (34 damage)
             ... on level 12 of the Dungeon on July 28, 2019.
             The game lasted 00:55:48 (16579 turns).

drock42 the Zephyrmancer (DrAE)                    Turns: 16579, Time: 00:55:49

Health: -23/94     AC: 13    Str: 19    XL:     12   Next: 1%
Magic:  25/25      EV: 16    Int: 19    God:    Vehumet [*****.]
Gold:   670        SH:  0    Dex: 14    Spells: 4/29 levels left

rFire    + . .     SeeInvis .   O - +0 halberd
rCold    . . .     Gourm    .   (shield currently unavailable)
rNeg     . . .     Faith    .   (armour unavailable)
rPois    .         Spirit   .   (helmet restricted)
rElec    .         Reflect  .   o - +2 cloak
rCorr    .         Harm     .   E - +0 pair of gloves
MR       .....                  v - +0 pair of boots (curse)
Stlth    +++.......             j - amulet of the acrobat
HPRegen  0.25/turn              R - +5 ring of strength
MPRegen  0.19/turn              J - +4 ring of strength

@: swift, slowed, lightly drained, slow
A: breathe fire, unfitting armour, fire resistance 1, cold-blooded, AC +8
a: Breathe Fire, Renounce Religion


You were on level 12 of the Dungeon.
You worshipped Vehumet.
Vehumet was extremely pleased with you.
You were hungry.

You visited 2 branches of the dungeon, and saw 13 of its levels.

You collected 670 gold pieces.

Inventory:

Hand Weapons
 y - a +0 hunting sling
 F - a +0 trident
 L - a +0 spear of freezing
 O - a +0 halberd (weapon)
 Q - the +6 dagger of Offence {vamp, +Fly rPois SInv}
   (You took it off an orc priest on level 10 of the Dungeon)

   It inflicts no extra harm, but heals its wielder when it wounds a living foe.
   It protects you from poison.
   It lets you see invisible.
   It lets you fly.
Missiles
 f - 109 bolts
 w - 18 poisoned darts
 A - 167 arrows
 D - 20 boomerangs (quivered)
 T - 2 boomerangs of dispersal
 U - a throwing net
 V - 3 javelins
 W - 4 atropa-tipped darts
 X - 20 sling bullets
Armour
 o - a +2 cloak (worn)
 v - a cursed +0 pair of boots (worn)
 E - a +0 pair of gloves (worn)
Jewellery
 i - an uncursed ring of resist corrosion
 j - an amulet of the acrobat (around neck)
 n - an uncursed ring of flight
 J - a +4 ring of strength (right hand)
 R - a +5 ring of strength (left hand)
Wands
 c - a wand of disintegration (6)
 x - a wand of acid (3)
 I - a wand of polymorph (16)
Scrolls
 a - 3 scrolls of amnesia
 d - 10 scrolls of remove curse
 r - 6 scrolls of teleportation
 B - 6 scrolls of fear {unknown}
 G - 2 scrolls of blinking {unknown}
 K - a scroll of magic mapping {unknown}
 M - a scroll of immolation
 N - 3 scrolls of enchant weapon {unknown}
 P - 5 scrolls of enchant armour
Potions
 e - 4 potions of lignification {unknown}
 g - 2 potions of cancellation
 h - 2 potions of flight {unknown}
 k - 6 potions of curing
 p - 2 potions of ambrosia
 q - 4 potions of heal wounds
 s - 6 potions of brilliance
 t - 2 potions of invisibility
 u - 2 potions of resistance {unknown}
 C - 3 potions of might
 Y - a potion of degeneration {unknown}
 Z - a potion of mutation {unknown}
Miscellaneous
 S - a fan of gales
Comestibles
 b - 19 rations


   Skills:
 + Level 5.1(4.8) Fighting
   Level 3.3(3.0) Maces & Flails
 + Level 7.2(6.9) Polearms
 + Level 1.9(1.6) Throwing
 + Level 6.8(6.5) Dodging
 + Level 4.9(4.6) Stealth
 + Level 9.4(9.0) Spellcasting
 + Level 6.5(6.2) Conjurations
 + Level 9.4(9.1) Air Magic
 + Level 0.7(0.4) Evocations


You had 4 spell levels left.
You knew the following spells:

 Your Spells              Type           Power        Failure   Level  Hunger
a - Shock                 Conj/Air       ####         1%          1    None
b - Swiftness             Chrm/Air       ####....     1%          2    None
c - Static Discharge      Conj/Air       #####...     1%          3    None
d - Airstrike             Air            #####.....   1%          4    ###....
e - Conjure Flame         Conj/Fire      ###.....     1%          3    None
f - Lightning Bolt        Conj/Air       #####.....   2%          5    #####..
g - Dazzling Spray        Conj/Hex       ###...       1%          3    None
h - Olgreb's Toxic Radia  Pois           #.......     21%         4    ###....

Your spell library contained the following spells:

 Spells                   Type           Power        Failure   Level  Hunger
 Magic Dart               Conj           ####         1%          1    None
 Searing Ray              Conj           ####..       1%          2    None
 Mephitic Cloud           Conj/Pois/Air  ####....     1%          3    None
 Iskenderun's Mystic Bla  Conj           ####....     1%          4    ###....
 Force Lance              Conj/Tloc      ###.....     6%          4    ###....
 Fulminant Prism          Conj/Hex       ###.......   6%          4    ###....
 Blink                    Tloc           N/A          12%         2    None
 Call Imp                 Summ           #.......     12%         2    None
 Slow                     Hex            #.......     12%         2    None


Dungeon Overview and Level Annotations

Branches:
Dungeon (12/15)            Temple (1/1) D:6            Lair (0/6) D:9
    Orc (0/2) D:11

Altars:
Cheibriados
Elyvilon
Gozag
Hepliaklqana
Nemelex Xobeh
Okawaru
Qazlal
Vehumet
Wu Jian
Xom
Yredelemnul
Zin
The Shining One

Shops:
D:9 *

Annotations:
D:12 ezpacito's ghost, journeyman DsGl


Innate Abilities, Weirdness & Mutations

You can breathe blasts of fire.
Your fiery red scales are hard. (AC +8)
You cannot fit into any form of body armour.
Your flesh is heat resistant. (rF+)
You are cold-blooded and may be slowed by cold attacks.


Message History

Unknown command.
Ezpacito's ghost completely misses you.
The +9 scythe of the Solstice {chaos, *Rage +Fly rF+++ rC-} hits you from afar!!
You feel yourself slow down.
You bump into the rock wall.
Ezpacito's ghost says very slowly, "There's no hope."
Ezpacito's ghost closely misses you.
The +9 scythe of the Solstice {chaos, *Rage +Fly rF+++ rC-} hits you from afar.
You feel drained. Ezpacito's ghost hits you!!
* * * LOW HITPOINT WARNING * * *
You feel less confused. Ezpacito's ghost hits you!
* * * LOW HITPOINT WARNING * * *
The +9 scythe of the Solstice {chaos, *Rage +Fly rF+++ rC-} closely misses you.
As you read the scroll labeled YTYEQE UREBB, it crumbles to dust.
The scroll dissolves into smoke.
It was a scroll of fog.
Ezpacito's ghost hits you but does no damage.
The +9 scythe of the Solstice {chaos, *Rage +Fly rF+++ rC-} hits you from afar!!
You die...

#...........[.....#
#.................#
##................##
#.................#
#................##
##..............##
##.....§........##
###..(W§§.......#..#
#####)#..##@§§.....###.##
####..#._'..###§....#####..##
###...####(#.##
##....####....### ....###
###.# ##....#...###..# .####
### ##.....### ###. ##
######..### ## ##...##.## #
##.......# # ##.......##


You could see a +9 scythe of the Solstice {chaos, *Rage +Fly rF+++ rC-} and
ezpacito's ghost.

Vanquished Creatures
  Josephine (D:10)
  A hydra (D:12)
  A two-headed ogre (D:8)
  Pikel (D:6)
  A cyclops (D:8)
  An ugly thing (D:12)
  A manticore (D:10)
  2 gargoyles
  A komodo dragon (D:9)
  4 trolls
  A merfolk (D:9)
  Grinder (D:3)
  2 hippogriffs (D:11)
  4 slime creatures
  A shadow (D:12)
  Eustachio (D:6)
  5 wraiths (D:10)
  5 yaks
  3 hungry ghosts
  A water moccasin (D:9)
  4 sky beasts
  6 orc warriors
  2 ice beasts
  A phantom (D:9)
  2 black bears
  2 eyes of draining
  2 necrophages
  4 ogres (D:9)
  2 centaurs
  A big kobold (D:10)
  10 bullfrogs
  4 scorpions
  15 wights
  A howler monkey (D:7)
  2 electric eels (D:6)
  6 crimson imps
  4 jellies
  A bullfrog zombie (D:5)
  9 orc wizards
  2 gnoll shamans
  4 hounds
  4 orc priests
  A bullfrog skeleton (D:12)
  3 centaur skeletons
  4 iguanas
  Natasha (thrice) (D:3)
  8 worker ants
  3 killer bee zombies (D:7)
  A hound skeleton (D:8)
  Robin (D:3)
  A worker ant zombie (D:11)
  14 gnolls
  A howler monkey skeleton (D:8)
  17 adders
  7 shadow imps
  2 oozes
  3 worms
  6 dart slugs
  8 leopard geckos
  57 orcs
  7 bats
  3 giant cockroaches
  14 goblins
  15 hobgoblins
  11 jackals (D:6)
  2 quokkas
  2 ball pythons
  8 frilled lizards
  A jackal skeleton (D:5)
  13 kobolds
  A quokka skeleton (D:9)
  A rat (D:3)
  A spectral orc (D:5)
  A plant (D:9)
346 creatures vanquished.

Vanquished Creatures (others)
  A worker ant (D:6)
1 creature vanquished.

Grand Total: 347 creatures vanquished

Notes
Turn   | Place    | Note
-------+----------+-------------------------------------------
     0 | D:1      | drock42 the Draconian Air Elementalist began the quest for
                  | the Orb.
     0 | D:1      | Reached XP level 1. HP: 14/14 MP: 3/3
   236 | D:1      | Reached XP level 2. HP: 17/20 MP: 1/5
   731 | D:2      | Reached XP level 3. HP: 19/26 MP: 6/6
   836 | D:2      | Learned a level 2 spell: Swiftness
   840 | D:2      | Learned a level 3 spell: Static Discharge
  1406 | D:2      | Reached XP level 4. HP: 32/33 MP: 7/7
  1868 | D:3      | Noticed Grinder
  1872 | D:3      | Paralysed by Grinder for 7 turns
  1893 | D:3      | Paralysed by Grinder for 7 turns
  1904 | D:3      | Paralysed by Grinder for 6 turns
  1916 | D:3      | Killed Grinder
  1916 | D:3      | Reached skill level 1 in Maces & Flails
  1916 | D:3      | Reached XP level 5. HP: 23/39 MP: 5/9
  1916 | D:3      | Reached XP level 6. HP: 28/46 MP: 5/10
  2089 | D:3      | Learned a level 4 spell: Airstrike
  2135 | D:3      | Noticed Natasha
  2154 | D:3      | Killed Natasha
  2494 | D:3      | Noticed Robin
  2502 | D:3      | Killed Robin
  3316 | D:4      | Found a radiant altar of Vehumet.
  3365 | D:3      | Noticed Natasha
  3372 | D:3      | Killed Natasha
  3372 | D:3      | Your scales start taking on a fiery red colour.
  3372 | D:3      | Reached XP level 7. HP: 24/51 MP: 0/12
  3372 | D:3      | Gained mutation: Your flesh is heat resistant. (rF+) [Red
                  | Draconian growth]
  3505 | D:3      | Noticed Natasha
  3514 | D:3      | Killed Natasha
  4086 | D:4      | Reached skill level 1 in Fighting
  4379 | D:4      | Found a sparkling altar of Nemelex Xobeh.
  4518 | D:5      | Entered Level 5 of the Dungeon
  4550 | D:4      | Became a worshipper of Vehumet
  4931 | D:5      | Reached skill level 5 in Air Magic
  5135 | D:5      | Found a basalt altar of Yredelemnul.
  5551 | D:6      | Found a snail-covered altar of Cheibriados.
  5622 | D:6      | Reached XP level 8. HP: 57/60 MP: 14/14
  5625 | D:6      | Reached * piety under Vehumet
  5625 | D:6      | Offered knowledge of Magic Dart by Vehumet.
  5640 | D:6      | Found a snail-covered altar of Cheibriados.
  5690 | D:6      | Reached skill level 1 in Polearms
  6101 | D:6      | Noticed Pikel
  6141 | D:6      | Killed Pikel
  6141 | D:6      | Reached skill level 1 in Throwing
  6308 | D:6      | Noticed Eustachio
  6325 | D:6      | Killed Eustachio
  6325 | D:6      | Reached XP level 9. HP: 45/68 MP: 1/16
  6464 | D:6      | Found a staircase to the Ecumenical Temple.
  6476 | Temple   | Entered the Ecumenical Temple
  6627 | D:7      | Found a glowing silver altar of Zin.
  6637 | D:7      | Found a hazy altar of Hepliaklqana.
  6650 | D:7      | Found an iron altar of Okawaru.
  6660 | D:7      | Found a stormy altar of Qazlal.
  6717 | D:7      | Found a white marble altar of Elyvilon.
  6994 | D:6      | Found a shimmering altar of Xom.
  7032 | D:7      | Noticed a gargoyle
  7075 | D:6      | Killed a gargoyle
  7075 | D:6      | Reached skill level 5 in Dodging
  7075 | D:6      | Reached skill level 5 in Spellcasting
  7324 | D:7      | Reached ** piety under Vehumet
  7324 | D:7      | Offered knowledge of Sandblast by Vehumet.
  7891 | D:7      | Found an opulent altar of Gozag.
  7935 | D:7      | Learned a level 3 spell: Conjure Flame
  7941 | D:7      | Learned a level 5 spell: Lightning Bolt
  8297 | D:8      | Noticed a two-headed ogre
  8319 | D:8      | Noticed a cyclops
  8319 | D:8      | a two-headed ogre changed into a cyclops
  8841 | D:8      | Offered knowledge of Inner Flame by Vehumet.
  8999 | D:8      | Reached *** piety under Vehumet
  9382 | D:8      | Reached XP level 10. HP: 77/77 MP: 13/19
  9485 | D:8      | Killed a cyclops
  9485 | D:8      | Reached skill level 5 in Polearms
  9571 | D:8      | Noticed a two-headed ogre
  9582 | D:8      | Killed a two-headed ogre
  9582 | D:8      | Reached skill level 5 in Conjurations
  9820 | D:8      | Found an ornate altar of the Wu Jian Council.
 10276 | D:9      | Found a glowing golden altar of the Shining One.
 10371 | D:9      | Found a staircase to the Lair.
 10407 | D:9      | Offered knowledge of Ignite Poison by Vehumet.
 10592 | D:9      | Found Humaxtoa's Serpentskin Sales.
 11211 | D:10     | Entered Level 10 of the Dungeon
 11257 | D:10     | Identified the +6 dagger of Offence {vamp, +Fly rPois SInv}
 11283 | D:10     | Reached **** piety under Vehumet
 12008 | D:10     | Offered knowledge of Dazzling Spray by Vehumet.
 12060 | D:10     | Noticed a manticore
 12087 | D:10     | Killed a manticore
 12139 | D:10     | Noticed Josephine
 12172 | D:10     | Reached XP level 11. HP: 65/83 MP: 11/23
 12206 | D:10     | Killed Josephine
 13267 | D:11     | Found a staircase to the Orcish Mines.
 14293 | D:11     | Reached ***** piety under Vehumet
 14526 | D:11     | Learned a level 3 spell: Dazzling Spray
 15248 | D:12     | Reached skill level 5 in Fighting
 15284 | D:12     | Noticed a seven-headed hydra
 15349 | D:12     | Offered knowledge of Olgreb's Toxic Radiance by Vehumet.
 15361 | D:12     | Learned a level 4 spell: Olgreb's Toxic Radiance
 15486 | D:12     | Killed an eight-headed hydra
 15811 | D:12     | Noticed a purple ugly thing
 16032 | D:12     | Killed a purple ugly thing
 16515 | D:12     | Reached XP level 12. HP: 94/94 MP: 19/25
 16556 | D:12     | Found a runed translucent door.
 16558 | D:12     | Found a shimmering altar of Xom.
 16558 | D:12     | Noticed ezpacito's ghost (journeyman DsGl)
 16559 | D:12     | Identified the +9 scythe of the Solstice {chaos, *Rage +Fly
                  | rF+++ rC-}
 16579 | D:12     | Annihilated by a +9 scythe of the Solstice {chaos, *Rage
                  | +Fly rF+++ rC-}

Levels and vault maps discovered:
D:1:      dpeg_arrival_houses_and_road, layout_basic
D:2:      layout_loops_cross, minmay_split_cup_large
D:3:      layout_basic, uniq_grinder, uniq_robin, uniq_natasha
D:4:      layout_rooms, nemelex_xobeh_ov_fountains_minmay,
          nicolae_overflow_hidden_temple, item_on_display_a
D:5:      layout_gridville, yredelemnul_forgotten_temple_becter, first_ration
D:6:      minmay_skewed_foursquare, layout_rooms, kennysheep_mini,
          cheibriados_altar_1, minmay_temple_entry_poolview, basic_altar,
          serial_bayou_ford_a, chequers_decorated_corner, uniq_eustachio,
          uniq_pikel
D:7:      layout_loops_corners, nicolae_gozag_cash_rules_everything_around_me,
          elyvilon_altar_3, grunt_temple_overflow_cloverleaf, nrook_campfire
D:8:      layout_loops_cross, basic_altar
D:9:      layout_roguey, old_standard_altar, david_lair_shrubbed, hex_tiny,
          hangedman_fish_farm, guppyfry_shop_venom
D:10:     layout_small_grid, uniq_josephine
D:11:     layout_cave_pods, orc_0_dummy
D:12:     layout_cave_pods, ebering_ghost_xom
Temple:   cyrus_temple_forest

Skill      XL: |  1  2  3  4  5  6  7  8  9 10 11 |
---------------+----------------------------------+-----
Dodging        | 2 3 4 5 6 |  6.8
Air Magic      | 4 5 6 8 9 |  9.4
Stealth        | 2 3 4 |  4.9
Maces & Flails | 1 3 |  3.3
Conjurations   | 2 3 4 5 6 |  6.5
Spellcasting   | 3 4 6 8 9 |  9.4
Fighting       | 1 2 3 5 |  5.1
Polearms       | 3 4 5 7 |  7.2
Throwing       | 1 |  1.9
Evocations     | |  0.7

Action                   |  1- 3 |  4- 6 |  7- 9 | 10-12 || total
-------------------------+-------+-------+-------+-------++-------
Melee: Unarmed           |     6 |       |       |       ||     6
       Dagger            |    16 |       |       |       ||    16
       Club              |    47 |    89 |       |       ||   136
       Tailslap          |     8 |     7 |    33 |    40 ||    88
       Mace              |       |    22 |    72 |       ||    94
       Trident           |       |       |   184 |   216 ||   400
       Halberd           |       |       |       |    44 ||    44
Throw: Dart              |       |       |     6 |       ||     6
       Boomerang         |       |       |     7 |     3 ||    10
 Cast: Shock             |    30 |    74 |   156 |   179 ||   439
       Static Discharge  |     2 |     8 |    25 |    39 ||    74
       Airstrike         |       |       |    20 |    56 ||    76
       Swiftness         |       |       |     1 |     2 ||     3
       Lightning Bolt    |       |       |       |     9 ||     9
       Conjure Flame     |       |       |       |     1 ||     1
       Dazzling Spray    |       |       |       |     1 ||     1
 Abil: Breathe Fire      |       |       |    10 |    13 ||    23
Evoke: Wand              |       |     2 |     3 |     2 ||     7
  Use: Potion            |       |     1 |     3 |       ||     4
       Scroll            |       |       |     1 |    11 ||    12
 Stab: Sleeping          |     3 |     1 |     4 |     3 ||    11
       Invisible         |       |       |     2 |       ||     2
  Eat: Chunk             |     2 |     8 |    23 |    23 ||    56
       Ration            |       |       |     1 |     3 ||     4
Armor: Skin              |    18 |    58 |   136 |    98 ||   310
Dodge: Dodged            |    50 |   104 |   261 |   255 ||   670

Table legend:
 A = Non-vault XP
 B = Vault XP
 C = Vault XP percentage of total XP
 D = Non-vault monster count
 E = Vault monster count
 F = Vault count percentage of total count
                 A         B        C        D         E       F
            +---------+---------+-------+---------+---------+-------
      Total |   17837 |    4229 |  19.2 |     314 |      31 |   9.0
            +---------+---------+-------+---------+---------+-------
        D:1 |      40 |       0 |   0.0 |      19 |       0 |   0.0
        D:2 |      64 |       8 |  11.1 |      16 |       4 |  20.0
        D:3 |     260 |     359 |  58.0 |      40 |      14 |  25.9
        D:4 |     222 |       0 |   0.0 |      16 |       0 |   0.0
        D:5 |     317 |       1 |   0.3 |       9 |       1 |  10.0
        D:6 |    1014 |     962 |  48.7 |      28 |       3 |   9.7
        D:7 |     974 |       0 |   0.0 |      23 |       0 |   0.0
        D:8 |    2898 |       0 |   0.0 |      41 |       0 |   0.0
        D:9 |    1609 |     818 |  33.7 |      36 |       3 |   7.7
       D:10 |    2069 |    2081 |  50.1 |      28 |       6 |  17.6
       D:11 |    3638 |       0 |   0.0 |      32 |       0 |   0.0
       D:12 |    4732 |       0 |   0.0 |      26 |       0 |   0.0
            +---------+---------+-------+---------+---------+-------
